 Dungeon Crawl Stone Soup version 0.27-a0-899-ge2d0b17c59 (webtiles) character file.

Game seed: 14935832577933555732

54 siradein the Magician (level 3, -2/28 HPs)
             Began as a Djinni Air Elementalist on Apr 5, 2021.
             Killed from afar by a white imp (7 damage)
             ... with a puff of frost
             ... on level 2 of the Dungeon.
             The game lasted 00:07:08 (2324 turns).

siradein the Magician (Djinni Air Elementalist)     Turns: 2324, Time: 00:07:08

Health: -2/28      AC:  3    Str:  7    XL:     3   Next: 91%
Gold:   80         EV: 11    Int: 17    God:
                   SH:  0    Dex: 13

rFire    + + .     SeeInvis .   (no weapon)
rCold    x . .     Faith    .   (no shield)
rNeg     . . .     Spirit   .   i - +0 leather armour
rPois    ∞         Reflect  .   (no helmet)
rElec    .         Harm     .   (no cloak)
rCorr    .         Rampage  .   (no gloves)
Will     .....                  (boots unavailable)
Stlth    ++........             (no amulet)
HPRegen  0.09/turn              d - ring of wizardry
MPRegen  0.00/turn              (no ring)

@: flying
A: fire resistance 2, cold vulnerability 1, float, innate caster, hp casting,
extra vitality 1
a: no special abilities


You were on level 2 of the Dungeon.
You visited 1 branch of the dungeon, and saw 3 of its levels.

You collected 80 gold pieces.

Inventory:

Armour
 i - a +0 leather armour (worn)
Jewellery
 d - a ring of wizardry (left hand)
 f - a ring of fire
Scrolls
 b - 3 scrolls of fear {unknown}
 e - 2 scrolls of identify {unknown}
Potions
 c - a potion of attraction {unknown}
 g - 2 potions of magic {unknown}
 h - 2 potions of curing {unknown}
 j - a potion of mutation {unknown}
 k - 2 potions of cancellation {unknown}


   Skills:
 + Level 2.2 Fighting
 - Level 2.1 Dodging
 - Level 1.5 Stealth
 + Level 3.4 Spellcasting


You couldn't memorise any spells.
You knew the following spells:

 Your Spells              Type           Power      Damage    Failure   Level
a - Shock                 Conj/Air       56%        1d6       2%          1
b - Swiftness             Air            14%        N/A       4%          2
c - Static Discharge      Conj/Air       14%        N/A       8%          3
d - Airstrike             Air            7%         N/A       24%         4
e - Lightning Bolt        Conj/Air       7%         1d19      52%         5
f - Sting                 Tmut/Pois      56%        1d5       2%          1
Your spell library was empty.

Dungeon Overview and Level Annotations

Branches:
Dungeon (3/15)

Altars:
Okawaru


Innate Abilities, Weirdness & Mutations

You are immune to poison.
Your flesh is very heat resistant. (rF++)
You are vulnerable to cold. (rC-)
You float through the air rather than walking.
You learn spells naturally, not from books.
Your magical power is your life essence.
You have superior vitality. (+4 HP)


Message History

Aim: a rat (29% to evade)
The zap hits the rat.
You kill the rat!
The kobold throws a stone.
The stone barely misses you.
Aiming: Shock (safe; 2% risk of failure)
Press: ? - help, Q - select action, (/) - cycle Shift-Dir - straight line, f - white imp
Aim: a white imp (29% to evade)
The zap hits the white imp.
The white imp is heavily wounded.
The zap hits the white imp.
The white imp is severely wounded.
An adder comes into view.
Aiming: Shock (safe; 2% risk of failure)
Press: ? - help, Q - select action, (/) - cycle Shift-Dir - straight line, f/p - white imp
Aim: a white imp (severely wounded, 29% to evade)
The zap misses the white imp.
The zap hits the white imp.
The white imp is almost dead.
A hobgoblin comes into view.
It is carrying a wand of polymorph (10).
A goblin comes into view. It is wielding a +0 dagger.
An endoplasm comes into view.
The kobold throws a stone.
The stone barely misses you. The white imp hits you. The white imp freezes you.
You feel a terrible chill!
You fly upwards.
There is a stone staircase leading down here.
Aiming: Shock (safe; 2% risk of failure)
Press: ? - help, Q - select action, (/) - cycle Shift-Dir - straight line, f - white imp
Aim: a white imp (almost dead, 29% to evade)
The zap misses the white imp.
The white imp gestures at you. The puff of frost hits you!
You feel a terrible chill!
Ouch! That really hurt!
* * * LOW HITPOINT WARNING * * *
Aiming: Shock (safe; 2% risk of failure)
Press: ? - help, Q - select action, (/) - cycle Shift-Dir - straight line, f/p - white imp
Aim: a white imp (almost dead, 29% to evade)
The zap misses the white imp.
* * * LOW HITPOINT WARNING * * *
The white imp gestures at you. The puff of frost hits you!
You feel a terrible chill!
You die...

.# #.......#.# #.#
.# #.......#.# #.#
.# #.........# #.#
.##### #.........#
#.# .....#
#.........# #.#
.....# #.......#.#
#.# .....#
#.......#.# #.#
.....# #.......#.#
#.#
########.......5@#
#.# #........(.#
#.# #..........#
#.# #..........#
#.# ############
#.# #.# #.# #.#
########## #.#


You could see a white imp.

Vanquished Creatures
  An adder (D:2)
  3 dart slugs
  4 ball pythons
  4 endoplasms
  A giant cockroach (D:2)
  3 goblins
  A hobgoblin (D:1)
  4 jackals (D:2)
  A quokka (D:1)
  5 bats
  3 frilled lizards (D:1)
  9 rats
39 creatures vanquished.

Notes
Turn   | Place    | Note
-------+----------+-------------------------------------------
     0 | D:1      | siradein the Djinni Air Elementalist began the quest for
                  | the Orb.
     0 | D:1      | Reached XP level 1. HP: 15/15 MP: 0/0
   314 | D:1      | Reached skill level 1 in Fighting
   314 | D:1      | Reached XP level 2. HP: 20/22 MP: 0/0
   473 | D:1      | Reached skill level 3 in Spellcasting
  1287 | D:2      | Reached XP level 3. HP: 25/28 MP: 0/0
  1287 | D:2      | Learned a level 1 spell: Sting
  2053 | D:2      | Found a faded altar of an unknown god.
  2097 | D:2      | Found an iron altar of Okawaru.
  2324 | D:2      | Killed from afar by a white imp

Illustrated notes

Levels and vault maps discovered:
D:1:      dpeg_arrival_ratfight, layout_loops_cross, minmay_statues_item,
          minmay_shallow_snake_nest
D:2:      layout_basic, ebering_ecumenical_altar_sacrificial, basic_altar
D:3:      layout_rooms, minmay_goblin_outpost

Skill      XL: |  1  2  3 |
---------------+----------+-----
Fighting       | 1 2 |  2.2
Spellcasting   | 3 |  3.4
Dodging        | |  2.1
Stealth        | |  1.5

Action                   || total
-------------------------++-------
 Cast: Shock             ||    81
  Use: Scroll            ||     5
Armor: Robe              ||     3
Dodge: Dodged            ||    13

Table legend: (Time is in decaauts)
 A = Elapsed time spent in this place.
 B = Non-inter-level travel time spent in this place.
 C = Inter-level travel time spent in this place.
 D = Time resting spent in this place.
 E = Time spent auto-exploring this place.
 F = Levels seen in this place.
 G = Mean time per level.
                   A        B        C        D        E       F      G
               +--------+--------+--------+--------+--------+-----+--------+
         Total |   2323 |   2308 |     15 |      0 |   2100 |   3 |  774.3 |
       Dungeon |   2323 |   2308 |     15 |      0 |   2100 |   3 |  774.3 |
               +--------+--------+--------+--------+--------+-----+--------+

Top non-repeatable levels by time:
     D:1: 1258 daAuts
     D:2: 1060 daAuts
     D:3: 4 daAuts
